 Dungeon Crawl Stone Soup version 0.24.0-37-gcf1ca852f1 (webtiles) character file.

Game seed: 3366595841619968836, levelgen mode: deterministic

3618 FishyPogo the Basher (level 9, 0/75 HPs)
             Began as a Minotaur Berserker on Dec 6, 2019.
             Was an Elder of Trog.
             Killed from afar by Maurice (16 damage)
             ... with a bolt of acid
             ... on level 8 of the Dungeon.
             The game lasted 00:16:15 (5373 turns).

FishyPogo the Basher (Minotaur Berserker)           Turns: 5373, Time: 00:16:18

Health: 0/75       AC: 13    Str: 28      XL:     9   Next: 86%
Magic:  8/8        EV: 13    Int:  3 (4)  God:    Trog [****..]
Gold:   236        SH:  5    Dex: 10      Spells: 8/8 levels left

rFire    . . .     SeeInvis .   f - +11 flail of Ciuz Yhot {venom, rElec}
rCold    . . .     Gourm    .   z - +1 buckler
rNeg     . . .     Faith    .   E - +3 leather armour
rPois    .         Spirit   .   (helmet restricted)
rElec    +         Reflect  .   L - scarf {cloud immunity}
rCorr    .         Harm     .   h - +2 pair of gloves {Str+3}
MR       .....                  m - +2 pair of boots
Stlth    +.........             (no amulet)
HPRegen  0.22/turn              u - +3 ring of slaying
MPRegen  0.11/turn              (no ring)

@: no status effects
A: retaliatory headbutt, horns 2, molten scales 1, deformed body, sturdy frame 1
a: Berserk, Trog's Hand, Brothers in Arms, Renounce Religion


You were on level 8 of the Dungeon.
You worshipped Trog.
Trog was greatly pleased with you.
You were not hungry.

You visited 1 branch of the dungeon, and saw 8 of its levels.
You also visited: Ossuary.

You collected 665 gold pieces.
You spent 429 gold pieces at shops.

Inventory:

Hand Weapons
 a - a +3 dagger of venom
 f - the +11 flail of Ciuz Yhot (weapon) {venom, rElec}
   (You bought it in a shop on level 6 of the Dungeon)

   It poisons the flesh of those it strikes.
   It insulates you from electricity.
Missiles
 d - 260 stones
 k - 15 datura-tipped darts
 n - 8 poisoned darts (quivered)
 s - 8 boomerangs
 y - 7 javelins
 K - a throwing net
Armour
 h - a +2 pair of gloves of strength (worn)
 m - a +2 pair of boots (worn)
 z - a +1 buckler (worn)
 B - a +1 ring mail of fire resistance
 E - a +3 leather armour (worn)
 L - a scarf of cloud immunity (worn)
Jewellery
 u - a +3 ring of slaying (left hand)
Wands
 I - a wand of flame (11)
Scrolls
 g - a scroll of fear
 i - 4 scrolls of remove curse
 j - a scroll of immolation
 o - 4 scrolls of identify
 q - a scroll of fog
 r - a scroll of blinking
 t - a scroll of amnesia
 v - 6 scrolls of teleportation {unknown}
 x - a scroll of noise {unknown}
 A - 2 scrolls of enchant weapon
 G - a scroll of holy word {unknown}
Potions
 b - a potion of flight {unknown}
 e - 3 potions of invisibility {unknown}
 l - 2 potions of curing
 p - 3 potions of degeneration
 w - 4 potions of might
 C - 3 potions of lignification {unknown}
 D - a potion of berserk rage {unknown}
 F - a potion of agility
 J - 2 potions of mutation
Comestibles
 c - 21 rations
 H - 6 chunks of flesh


   Skills:
 - Level 6.3 Fighting
 - Level 5.0 Short Blades
 + Level 12.8 Maces & Flails
 - Level 2.5 Throwing
 - Level 5.0 Armour
 - Level 4.0 Dodging
 - Level 1.1 Stealth
 - Level 4.0 Shields


You had 8 spell levels left.
You didn't know any spells.
Your spell library contained the following spells:

 Spells                   Type           Power        Failure   Level  Hunger
 Animate Skeleton         Necr           N/A          52%         1    ##.....
 Apportation              Tloc           #.....       52%         1    ##.....
 Confusing Touch          Hex            #.....       52%         1    ##.....
 Freeze                   Ice            #...         52%         1    ##.....
 Summon Small Mammal      Summ           #...         52%         1    ##.....
 Throw Frost              Conj/Ice       #.....       67%         2    ###....
 Ozocubu's Armour         Chrm/Ice       #.......     88%         3    ####...
 Summon Ice Beast         Ice/Summ       #.......     99%         4    #####..
 Throw Icicle             Conj/Ice       #.......     99%         4    #####..


Dungeon Overview and Level Annotations

Branches:
Dungeon (8/15)             Temple (0/1) D:5         Ossuary (visited)
   Lair: D:8-11

Altars:
Makhleb
Sif Muna
Vehumet
The Shining One

Shops:
D:4 }   D:5 }   D:6 (   D:7 [

Annotations:
D:8 Maurice


Innate Abilities, Weirdness & Mutations

You reflexively headbutt those who attack you in melee.
You have a pair of horns on your head.
You are partially covered in molten scales. (AC +2)
Armour fits poorly on your strangely shaped body.
Your movements are slightly less encumbered by armour. (ER -2)


Message History

Items here: ( ) [ † a +0 dagger; a +0 robe; 2 arrows; an orc corpse The centaur unwields a +0 shortbow.
The centaur hits you but does no damage.
You see here an arrow.
You sock the centaur!
The centaur is poisoned.
The centaur is moderately wounded.
The centaur barely misses you. The centaur hits you!
* * * LOW HITPOINT WARNING * * *
You barely miss the centaur. You headbutt the centaur!
The centaur is severely wounded.
The centaur hits you but does no damage.
You sock the centaur!
You kill the centaur!
Trog accepts your kill.
You hear a zap.
A bolt of acid appears from out of thin air!
Deactivating autopickup; reactivate with Ctrl-A.
The bolt of acid hits you!
You die...

....# ....# ...# . ...#
#..#### #..# ###.....# #).#
....##.###{.#
#.......)########
#...#...@#≈≈≈≈≈≈#
#.......)#≈##.#≈#
#........().#.#≈#
##......(.(.#.#.≈#
........?...#≈#.##≈# #
............#≈≈≈≈≈≈# #
.##...#####(######## #.# #
#...#####..#...#####.###..
...........[..............#


There were no monsters in sight!

Vanquished Creatures
  A deep elf mage (D:6)
  A cyclops (D:7)
  Grinder (D:6)
  A hippogriff (D:7)
  A shadow (D:6)
  A yak (D:6)
  Duvessa (D:7)
  A phantom (D:8)
  2 ice beasts
  An ogre (D:6)
  2 centaurs
  A big kobold (D:8)
  4 bullfrogs
  Dowan (D:7)
  2 howler monkeys
  3 crimson imps
  3 hounds
  5 orc priests
  4 jellies
  5 orc wizards
  2 bullfrog skeletons
  An iguana (D:2)
  2 worker ants
  A statue (D:7)
  A killer bee zombie (D:5)
  8 mummies (Ossuary)
  5 adders
  4 gnolls (D:6)
  2 oozes
  An adder zombie (D:5)
  An adder skeleton (D:5)
  4 worms
  2 dart slugs
  7 leopard geckos
  21 orcs
  A ball python (D:3)
  7 bats
  8 giant cockroaches
  3 gnoll zombies (Ossuary)
  10 goblins
  6 hobgoblins
  2 jackals (D:2)
  6 quokkas
  7 frilled lizards
  A hobgoblin zombie (Ossuary)
  A jackal zombie (D:8)
  6 kobolds
  2 kobold zombies (Ossuary)
  2 orc zombies (Ossuary)
  A quokka skeleton (D:4)
  A quokka zombie (D:7)
  10 rats
  A bush (D:3)
178 creatures vanquished.

Vanquished Creatures (others)
  An orc wizard (D:8)
1 creature vanquished.

Grand Total: 179 creatures vanquished

Notes
Turn   | Place    | Note
-------+----------+-------------------------------------------
     0 | D:1      | FishyPogo the Minotaur Berserker began the quest for the
                  | Orb.
     0 | D:1      | Reached XP level 1. HP: 19/19 MP: 0/0
    62 | D:1      | Reached XP level 2. HP: 22/27 MP: 1/1
   542 | D:1      | Reached XP level 3. HP: 33/33 MP: 2/2
   822 | D:1      | Reached ** piety under Trog
  1097 | D:2      | Reached XP level 4. HP: 22/41 MP: 3/3
  1589 | D:3      | Found a shimmering blue altar of Sif Muna.
  1903 | D:3      | Reached XP level 5. HP: 39/47 MP: 4/4
  1911 | D:3      | Reached *** piety under Trog
  1969 | D:3      | Reached skill level 1 in Stealth
  1978 | D:3      | Reached skill level 5 in Short Blades
  1978 | D:3      | Reached skill level 1 in Throwing
  2035 | D:3      | Reached skill level 1 in Shields
  2446 | D:4      | Reached skill level 5 in Fighting
  2446 | D:4      | Reached XP level 6. HP: 54/56 MP: 5/5
  2637 | D:4      | Found Orchasmoth's Gadget Emporium.
  3080 | D:5      | Entered Level 5 of the Dungeon
  3192 | D:5      | Found Zanuam's Gadget Shop.
  3244 | D:5      | Reached XP level 7. HP: 61/61 MP: 6/6
  3305 | D:5      | Received a gift from Trog
  3309 | D:5      | Found a burning altar of Makhleb.
  3349 | D:5      | Found a staircase to the Ecumenical Temple.
  3553 | D:6      | Found a sand-covered staircase.
  3608 | D:6      | Found Moomy's Antique Weapon Boutique.
  3619 | D:6      | Bought a shimmering flail for 212 gold pieces
  3619 | D:6      | Identified the +11 flail of Ciuz Yhot {venom, rElec} (You
                  | bought it in a shop on level 6 of the Dungeon)
  3657 | Ossuary  | Entered an ossuary
  3677 | Ossuary  | Reached **** piety under Trog
  3706 | Ossuary  | Reached skill level 1 in Maces & Flails
  3890 | D:6      | Reached skill level 5 in Armour
  3928 | D:6      | Noticed Grinder
  3934 | D:6      | Killed Grinder
  3934 | D:6      | Reached skill level 2 in Maces & Flails
  3972 | D:6      | Reached skill level 3 in Maces & Flails
  3972 | D:6      | Reached XP level 8. HP: 51/70 MP: 7/7
  3978 | D:6      | Reached skill level 4 in Maces & Flails
  4012 | D:6      | Reached skill level 5 in Maces & Flails
  4067 | D:6      | Noticed a deep elf mage
  4069 | D:6      | Reached skill level 6 in Maces & Flails
  4074 | D:6      | Killed a deep elf mage
  4074 | D:6      | Reached skill level 8 in Maces & Flails
  4140 | D:6      | Reached skill level 9 in Maces & Flails
  4296 | D:6      | Reached XP level 9. HP: 75/75 MP: 8/8
  4819 | D:7      | Noticed Duvessa
  4819 | D:7      | Noticed Dowan
  4819 | D:7      | Noticed a cyclops
  4821 | D:7      | Killed Dowan
  4824 | D:7      | Killed Duvessa
  4824 | D:7      | Reached skill level 10 in Maces & Flails
  4830 | D:7      | Killed a cyclops
  4836 | D:7      | HP: 3/75 [hippogriff (6)]
  4841 | D:7      | Reached skill level 11 in Maces & Flails
  4865 | D:7      | Found Jask's Antique Armour Shop.
  4868 | D:7      | Bought a pair of embroidered gloves for 217 gold pieces
  4881 | D:7      | Gained mutation: Armour fits poorly on your strangely
                  | shaped body. [potion of mutation]
  4881 | D:7      | Gained mutation: You are partially covered in molten
                  | scales. (AC +2) [potion of mutation]
  4881 | D:7      | Gained mutation: Your movements are slightly less
                  | encumbered by armour. (ER -2) [potion of mutation]
  4940 | D:7      | Found a glowing golden altar of the Shining One.
  5146 | D:7      | Found a radiant altar of Vehumet.
  5305 | D:8      | Reached skill level 12 in Maces & Flails
  5357 | D:8      | Noticed Maurice
  5373 | D:8      | Killed from afar by Maurice

Levels and vault maps discovered:
D:1:      evilmike_arrival_run_for_it, layout_basic, serial_glass,
          glass_columns_a, glass_columns_b
D:2:      layout_loops_cross
D:3:      minmay_general_purpose_star, layout_rooms, first_ration,
          serial_forest, infiniplex_forest_corner_1, infiniplex_forest_end_2,
          infiniplex_forest_corner_2, infiniplex_forest_end_3,
          infiniplex_forest_clump_C, infiniplex_forest_clump_cross,
          infiniplex_forest_lined_3, kennysheep_nondescript,
          lemuel_blue_sif_altar
D:4:      layout_gridville, serial_shops, shop, minmay_fountain_box
D:5:      layout_rooms, marbit_many_paths, minmay_temple_entry_waves,
          serial_shops, shop, minmay_a_box_with_orc_wizards_in_it
D:6:      layout_layer_cave, enter_ossuary_1, serial_shops, shop_statue,
          kb_rosetta, uniq_grinder
D:7:      layout_rooms, lemuel_crystal_altar, vehumet_statue, serial_shops,
          shop, uniq_duvessa
D:8:      layout_basic, grunt_qazlal_clouds, hangedman_little_slice_of_home,
          kennysheep_generic_room_12, uniq_maurice

Skill      XL: |  1  2  3  4  5  6  7  8  9 |
---------------+----------------------------+-----
Fighting       | 4 5 6 |  6.3
Short Blades   | 4 5 |  5.0
Stealth        | 1 |  1.1
Throwing       | 1 2 |  2.5
Shields        | 2 3 4 |  4.0
Armour         | 3 4 5 |  5.0
Dodging        | 3 4 |  4.0
Maces & Flails | 3 9 12 | 12.8

Action                   |  1- 3 |  4- 6 |  7- 9 || total
-------------------------+-------+-------+-------++-------
Melee: Short sword       |    97 |   201 |     2 ||   300
       Headbutt          |     9 |    47 |    33 ||    89
       Flail             |       |       |   132 ||   132
       Dagger            |       |       |    20 ||    20
Throw: Stone             |    18 |       |     2 ||    20
       Dart              |       |       |     2 ||     2
Invok: Berserk           |     2 |     3 |     5 ||    10
  Use: Scroll            |       |       |    11 ||    11
       Potion            |       |       |     5 ||     5
 Stab: Sleeping          |     1 |       |       ||     1
  Eat: Chunk             |     2 |     9 |    13 ||    24
Armor: Animal skin       |    20 |    10 |       ||    30
       Ring mail         |       |    22 |       ||    22
       Leather armour    |       |    13 |    47 ||    60
Dodge: Dodged            |    52 |    75 |    87 ||   214
Block: Buckler           |       |       |    29 ||    29
